 Dungeon Crawl Stone Soup version 0.22.1-2-g9c5b331 (webtiles) character file.

74230 Harpaggios the Martial Artist (level 15, -5/138 HPs)
             Began as a Gnoll Transmuter on Dec 28, 2018.
             Was the Champion of Makhleb.
             Slain by a tyrant leech (18 damage)
             ... on level 3 of the Swamp on Dec 30, 2018.
             The game lasted 03:06:58 (26498 turns).

Harpaggios the Martial Artist (Gnoll Transmuter)   Turns: 26498, Time: 03:06:59

Health: -5/138     AC:  8    Str: 17    XL:     15   Next: 46%
Magic:  30/30      EV: 18    Int: 24    God:    Makhleb [******]
Gold:   675        SH:  0    Dex: 19    Spells: 14/36 levels left

rFire    x . .     SeeInvis +     - Unarmed
rCold    + + +     Gourm    .   (shield currently unavailable)
rNeg     . . .     Faith    .   (armour currently unavailable)
rPois    +         Spirit   .   (helmet currently unavailable)
rElec    .         Reflect  .   (cloak currently unavailable)
rCorr    .         Harm     .   (gloves currently unavailable)
MR       +....                  (boots currently unavailable)
Stlth    +++++.....             O - amulet of the acrobat
HPRegen  0.33/turn              X - +5 ring of intelligence
MPRegen  0.22/turn              l - ring of see invisible

@: mighty, ice-form
A: large, distributed training, blurry vision 1, strong nose
a: End Transformation, Minor Destruction, Lesser Servant of Makhleb, Major
Destruction, Greater Servant of Makhleb, Renounce Religion


You were on level 3 of the Swamp.
You worshipped Makhleb.
Makhleb was exalted by your worship.
You were not hungry.
You were a creature of crystalline ice.
You visited 4 branches of the dungeon, and saw 23 of its levels.
You also visited: Sewer and Bailey.

You collected 2145 gold pieces.
You spent 1470 gold pieces at shops.

Inventory:

Missiles
 a - 54 arrows
 o - 24 tomahawks (quivered)
Armour
 b - a +2 robe of fire resistance (melded)
 e - the +1 ring mail "Anoetit" {rC- MR+++ Str-5 Int+4}
   (You found it on level 4 of the Dungeon)

   It affects your strength (-5).
   It affects your intelligence (+4).
   It makes you vulnerable to cold.
   It affects your resistance to hostile enchantments.
 g - a +2 cloak (melded)
 j - the +1 pair of boots of the Nine Seas (melded) {Slay+2}
   (You found it on level 1 of the Lair of Beasts)

   It affects your accuracy and damage with ranged weapons and melee attacks
   (+2).
 r - a +2 hat (melded)
 y - a +2 pair of gloves (melded)
 U - a +1 pair of gloves
 W - a +2 troll leather armour
Jewellery
 l - a ring of see invisible (right front paw)
 p - an uncursed ring of positive energy
 H - an uncursed ring of protection from magic
 O - an amulet of the acrobat (around neck)
 P - an uncursed ring of fire
 S - an uncursed ring of ice
 X - a +5 ring of intelligence (left front paw)
Wands
 i - a wand of polymorph (24)
 z - a wand of digging (19)
 D - a wand of flame (47)
 J - a wand of acid (21)
 Q - a wand of disintegration (8)
Scrolls
 k - a scroll of enchant armour
 m - 5 scrolls of fog
 s - 7 scrolls of identify
 t - 6 scrolls of teleportation
 x - 2 scrolls of blinking
 A - 2 scrolls of remove curse
 F - 2 scrolls of fear
 G - 2 scrolls of magic mapping
 K - 3 scrolls of enchant weapon
 M - 4 scrolls of amnesia
Potions
 h - a potion of resistance
 u - 8 potions of curing
 v - a potion of ambrosia
 w - 2 potions of heal wounds
 B - 3 potions of flight
 C - 2 potions of might
 E - 2 potions of agility
 I - a potion of brilliance
 L - a potion of degeneration {unknown}
 N - 3 potions of haste
Miscellaneous
 c - 2 boxes of beasts
 T - a sack of spiders
 Z - a phial of floods
Comestibles
 d - 49 rations


   Skills:
 + Level 10.2 Fighting
 + Level 9.9 Short Blades
 + Level 9.9 Long Blades
 + Level 9.9 Axes
 + Level 9.9 Maces & Flails
 + Level 9.9 Polearms
 + Level 9.9 Staves
 + Level 9.9 Slings
 + Level 9.9 Bows
 + Level 9.9 Crossbows
 + Level 9.9 Throwing
 + Level 9.9 Armour
 + Level 10.8 Dodging
 + Level 9.9 Stealth
 + Level 9.9 Shields
 + Level 11.7 Unarmed Combat
 + Level 11.0 Spellcasting
 + Level 8.3 Conjurations
 + Level 8.3 Hexes
 + Level 8.3 Charms
 + Level 8.3 Summonings
 + Level 8.3 Necromancy
 + Level 8.3 Translocations
 + Level 9.2 Transmutations
 + Level 8.3 Fire Magic
 + Level 8.3 Ice Magic
 + Level 8.3 Air Magic
 + Level 8.3 Earth Magic
 + Level 8.3 Poison Magic
 + Level 10.7 Invocations
 + Level 9.9 Evocations


You had 14 spell levels left.
You knew the following spells:

 Your Spells              Type           Power        Failure   Level  Hunger
a - Beastly Appendage     Tmut           ######       1%          1    None
b - Sticks to Snakes      Tmut           ######..     1%          2    None
c - Spider Form           Tmut/Pois      ######....   1%          3    None
d - Ice Form              Ice/Tmut       ######..     1%          4    None
e - Blade Hands           Tmut           ######....   3%          5    ####...
f - Dragon Form           Tmut           ######....   65%         7    #######

Your spell library contained the following spells:

 Spells                   Type           Power        Failure   Level  Hunger
 Flame Tongue             Conj/Fire      #####        1%          1    None
 Cause Fear               Hex            ######....   1%          4    None
 Bolt of Fire             Conj/Fire      ######....   24%         6    #####..
 Dragon's Call            Summ           ######....   100%        9    #######


Dungeon Overview and Level Annotations

Branches:
Dungeon (12/15)            Temple (0/1) D:5            Lair (6/6) D:10
  Swamp (3/4) Lair:3       Spider (0/4) Lair:2          Orc (2/2) D:12
    Elf (0/3) Orc:2
  Slime: Lair:5-6

Altars:
Dithmenos
Fedhas
Kikubaaqudgha
Makhleb
Okawaru
Xom
The Shining One
Beogh

Shops:
D:7 :   D:8 :   Orc:1 (   Orc:2 *}:(*

Annotations:
D:7 Books
D:8 Books 2
Swamp:1 2 transporters, Vuhed's ghost, adept FoFi
Orc:2 Dragon form


Innate Abilities, Weirdness & Mutations

Your experience applies equally to all skills.
((You have very sharp teeth.))
Your uncanny sense of smell can sniff out nearby items.
((You have a pair of small horns on your head.))
Scrolls take you a little longer to read.


Message History

The four-headed hydra misses you. The four-headed hydra bites you!
* * * LOW HITPOINT WARNING * * *
The four-headed hydra completely misses you.
You feel much better. The four-headed hydra misses you.
The four-headed hydra completely misses you. x2
The four-headed hydra bites you but does no damage.
The tyrant leech misses you.
You pummel the four-headed hydra like a punching bag!!!
The four-headed hydra seems to slow down.
You freeze the four-headed hydra.
The four-headed hydra is heavily wounded.
You pummel the thorn hunter!! You freeze the thorn hunter.
The thorn hunter is almost destroyed.
The four-headed hydra bites you!
* * * LOW HITPOINT WARNING * * *
The four-headed hydra completely misses you.
The four-headed hydra closely misses you.
The four-headed hydra bites you but does no damage.
The tyrant leech bites you!!
You die...

♣♣PP§PP≈♣♣≈...
♣♣P(..≈≈..≈≈.>♣
♣≈P≈.≈....≈≈≈.♣
♣P≈≈≈≈≈..≈.≈≈≈♣♣♣
♣P..≈≈≈♣♣ .≈≈≈≈.
♣♣♣≈♣♣≈≈♣♣.[.≈≈≈
♣♣≈≈≈≈≈≈♣≈≈≈.≈≈.
♣.≈≈wDf♣≈≈≈≈....
♣≈≈≈.Y.♣♣.≈≈...≈
♣.≈.♣≈.♣ ♣.(♣?.≈
♣♣♣♣♣♣♣♣ .((≈ ≈
..≈≈≈ ...≈≈ ....
∆ ♣♣♣≈


You could see a thorn hunter, a four-headed hydra and a tyrant leech.

Vanquished Creatures
  The ghost of MordorOrchid the Eclecticist, a journeyman DEVM of Vehumet (Swamp:2)
  Nessos (Orc:2)
  Josephine (Orc:2)
  2 ogre magi (Orc:2)
  Fannar (D:12)
  6 hydras
  12 alligators
  12 two-headed ogres
  A dancing weapon (Swamp:2)
  An orc high priest (Orc:1)
  An unseen horror (D:12)
  3 shambling mangroves (Swamp:1)
  A deep elf mage (D:12)
  An orc knight (Orc:2)
  An orc sorcerer (Orc:1)
  An ugly thing (D:12)
  5 elephants
  Maurice (D:8)
  3 black mambas
  2 torpor snails
  2 gargoyles (D:11)
  8 spiny frogs
  4 komodo dragons
  A polar bear (Lair:3)
  3 trolls
  Grinder (D:6)
  6 tyrant leeches
  7 hornets
  9 slime creatures
  3 dream sheep (Lair:3)
  3 blink frogs
  8 bog bodies
  2 hippogriffs (Lair:3)
  6 wraiths
  Sigmund (D:2)
  A shadow (Swamp:2)
  A vampire (D:12)
  A wyvern (D:12)
  46 yaks
  2 basilisks
  A hog (Swamp:2)
  3 hungry ghosts
  2 vampire mosquitoes (D:12)
  A warg (Orc:1)
  12 swamp worms
  23 insubstantial wisps
  Menkaure (D:4)
  3 soldier ants (D:11)
  10 water moccasins
  4 porcupines
  2 ice beasts
  13 orc warriors
  2 swamp drakes
  2 sky beasts
  A phantom (D:8)
  A black bear (D:4)
  2 wolves (Lair:3)
  35 ogres
  4 centaurs
  A crocodile (Lair:1)
  5 big kobolds
  8 bullfrogs
  7 scorpions
  5 killer bees (D:10)
  2 wights (D:9)
  5 electric eels (Lair:3)
  2 howler monkeys (D:12)
  6 crimson imps
  11 hounds
  A quasit (D:6)
  A bullfrog zombie (D:6)
  18 orc wizards
  15 orc priests
  A bullfrog skeleton (D:11)
  3 centaur skeletons
  3 iguanas
  Ijyb (D:4)
  9 worker ants
  2 hound zombies
  A hound skeleton (D:10)
  4 adders
  5 gnolls
  A howler monkey skeleton (D:11)
  A shadow imp (D:5)
  2 adder zombies
  2 oozes
  3 adder skeletons
  2 worms
  2 dart slugs (D:2)
  6 leopard geckos
  66 orcs
  6 ball pythons
  12 bats
  4 giant cockroaches
  10 goblins
  6 hobgoblins
  3 jackals (D:6)
  2 quokkas
  11 frilled lizards
  A jackal skeleton (D:8)
  30 kobolds
  A leopard gecko skeleton (D:4)
  8 rats
  A plant (D:10)
590 creatures vanquished.

Vanquished Creatures (collateral kills)
  Kirke (Swamp:2)
  2 ogre magi (Orc:2)
  2 hydras
  3 two-headed ogres
  A deep elf mage (D:9)
  A cyclops (D:12)
  An elephant (Lair:5)
  A spiny frog (Lair:1)
  A komodo dragon (Lair:2)
  2 tyrant leeches (Swamp:1)
  A hornet (Swamp:1)
  Prince Ribbit (D:7)
  3 blink frogs
  A tarantella (Lair:2)
  2 yaks (D:12)
  A basilisk (Lair:1)
  A hog (Swamp:2)
  An acid dragon (D:12)
  2 orc warriors
  A sky beast (D:9)
  A necrophage (D:2)
  A wolf (Lair:3)
  2 bullfrogs (D:12)
  A wight (D:9)
  Crazy Yiuf (D:2)
  An orc wizard (D:10)
  Jessica (D:3)
  A worker ant zombie (D:10)
  2 gnolls (D:8)
  2 adders
  A dart slug (D:3)
  15 orcs
  A frilled lizard (D:2)
  2 kobolds (D:9)
  2 plants
63 creatures vanquished.

Vanquished Creatures (others)
  A swamp dragon (Swamp:1)
  A hornet (Swamp:1)
  A bog body (Swamp:2)
  2 fungi
  7 plants
12 creatures vanquished.

Grand Total: 665 creatures vanquished

Notes
Turn   | Place    | Note
-------+----------+-------------------------------------------
     0 | D:1      | Harpaggios the Gnoll Transmuter began the quest for the
                  | Orb.
     0 | D:1      | Reached XP level 1. HP: 17/17 MP: 6/6
   101 | D:1      | Reached XP level 2. HP: 14/23 MP: 7/7
   385 | D:1      | Learned a level 2 spell: Sticks to Snakes
   849 | D:1      | Gained mutation: Scrolls take you a little longer to read.
                  | [potion of mutation]
   849 | D:1      | Gained mutation: You have a pair of small horns on your
                  | head. [potion of mutation]
   968 | D:2      | Reached XP level 3. HP: 28/28 MP: 9/9
   993 | D:2      | Reached skill level 5 in Spellcasting
  1167 | D:2      | Reached skill level 1 in Invocations
  1179 | D:2      | Noticed a necrophage
  1185 | D:2      | Learned a level 3 spell: Spider Form
  1207 | D:2      | Killed a necrophage
  1207 | D:2      | Reached skill level 1 in Short Blades
  1207 | D:2      | Reached skill level 1 in Long Blades
  1207 | D:2      | Reached skill level 1 in Axes
  1207 | D:2      | Reached skill level 1 in Maces & Flails
  1207 | D:2      | Reached skill level 1 in Polearms
  1207 | D:2      | Reached skill level 1 in Staves
  1207 | D:2      | Reached skill level 1 in Slings
  1207 | D:2      | Reached skill level 1 in Bows
  1207 | D:2      | Reached skill level 1 in Crossbows
  1207 | D:2      | Reached skill level 1 in Throwing
  1207 | D:2      | Reached skill level 1 in Armour
  1207 | D:2      | Reached skill level 1 in Stealth
  1207 | D:2      | Reached skill level 1 in Shields
  1207 | D:2      | Reached skill level 1 in Conjurations
  1207 | D:2      | Reached skill level 1 in Hexes
  1207 | D:2      | Reached skill level 1 in Charms
  1207 | D:2      | Reached skill level 1 in Summonings
  1207 | D:2      | Reached skill level 1 in Necromancy
  1207 | D:2      | Reached skill level 1 in Translocations
  1207 | D:2      | Reached skill level 1 in Fire Magic
  1207 | D:2      | Reached skill level 1 in Ice Magic
  1207 | D:2      | Reached skill level 1 in Air Magic
  1207 | D:2      | Reached skill level 1 in Earth Magic
  1207 | D:2      | Reached skill level 1 in Poison Magic
  1207 | D:2      | Reached skill level 1 in Evocations
  1207 | D:2      | Reached XP level 4. HP: 34/34 MP: 0/11
  1207 | D:2      | Reached XP level 5. HP: 40/40 MP: 0/12
  1295 | D:2      | Found a runed door.
  1379 | D:2      | Noticed Crazy Yiuf
  1388 | D:2      | Killed Crazy Yiuf
  1680 | D:2      | Found a blossoming altar of Fedhas.
  1702 | D:2      | Noticed Sigmund
  1711 | D:2      | Killed Sigmund
  1711 | D:2      | Reached XP level 6. HP: 44/47 MP: 14/14
  1850 | D:3      | Reached skill level 5 in Dodging
  1926 | D:3      | Noticed Jessica
  1934 | D:3      | Killed Jessica
  2220 | D:3      | Found a shadowy altar of Dithmenos.
  2272 | D:3      | Reached XP level 7. HP: 52/52 MP: 15/15
  2655 | D:4      | Got a transparent ring mail
  2666 | D:4      | Identified the +1 ring mail "Anoetit" {rC- MR+++ Str-5
                  | Int+4} (You found it on level 4 of the Dungeon)
  2711 | D:4      | Found a burning altar of Makhleb.
  2719 | D:4      | Became a worshipper of Makhleb the Destroyer
  2789 | D:4      | Noticed Menkaure
  2805 | D:4      | Killed Menkaure
  2903 | D:4      | Noticed Ijyb
  2913 | D:4      | Killed Ijyb
  3112 | D:4      | Found an ancient bone altar of Kikubaaqudgha.
  3319 | D:4      | Reached XP level 8. HP: 55/60 MP: 16/16
  3426 | D:5      | Entered Level 5 of the Dungeon
  3503 | D:5      | Found a staircase to the Ecumenical Temple.
  3530 | D:5      | Reached * piety under Makhleb
  4340 | D:6      | Noticed Grinder
  4347 | D:6      | Killed Grinder
  4399 | D:6      | Reached XP level 9. HP: 50/66 MP: 11/18
  4448 | D:6      | Reached skill level 5 in Transmutations
  4707 | D:6      | Found a glowing drain.
  4723 | Sewer    | Entered a sewer
  4736 | Sewer    | Reached ** piety under Makhleb
  5103 | D:6      | Found a glowing golden altar of the Shining One.
  5181 | D:6      | Learned a level 4 spell: Ice Form
  5187 | D:6      | Learned a level 5 spell: Blade Hands
  5226 | D:6      | Reached skill level 5 in Fighting
  5466 | D:7      | Found a flagged portal.
  5484 | Bailey   | Entered a bailey
  5503 | Bailey   | Reached *** piety under Makhleb
  5834 | D:7      | Found Ceus's Book Emporium.
  6182 | D:7      | Reached skill level 5 in Invocations
  6184 | D:7      | Noticed Prince Ribbit
  6207 | D:7      | Killed Prince Ribbit
  6347 | D:7      | Found a shimmering altar of Xom.
  6486 | D:8      | Reached XP level 10. HP: 74/74 MP: 20/20
  6499 | D:8      | Noticed Maurice
  6596 | D:8      | Killed Maurice
  6796 | D:8      | Noticed a two-headed ogre
  6821 | D:8      | Killed a two-headed ogre
  6821 | D:8      | Reached skill level 5 in Short Blades
  6821 | D:8      | Reached skill level 5 in Long Blades
  6821 | D:8      | Reached skill level 5 in Axes
  6821 | D:8      | Reached skill level 5 in Maces & Flails
  6821 | D:8      | Reached skill level 5 in Polearms
  6821 | D:8      | Reached skill level 5 in Staves
  6821 | D:8      | Reached skill level 5 in Slings
  6821 | D:8      | Reached skill level 5 in Bows
  6821 | D:8      | Reached skill level 5 in Crossbows
  6821 | D:8      | Reached skill level 5 in Throwing
  6821 | D:8      | Reached skill level 5 in Armour
  6821 | D:8      | Reached skill level 5 in Stealth
  6821 | D:8      | Reached skill level 5 in Shields
  6821 | D:8      | Reached skill level 5 in Evocations
  7074 | D:8      | Found Jaedub's Book Boutique.
  7417 | D:9      | Reached **** piety under Makhleb
  7445 | D:9      | Noticed a deep elf mage
  7460 | D:9      | Found an iron altar of Okawaru.
  7462 | D:9      | Killed a deep elf mage
  7774 | D:9      | Noticed a two-headed ogre
  7785 | D:9      | Killed a two-headed ogre
  8543 | D:10     | Entered Level 10 of the Dungeon
  8909 | D:10     | Paralysed by a hornet for 3 turns
  9291 | D:10     | Reached XP level 11. HP: 37/82 MP: 14/22
  9591 | D:10     | Found a staircase to the Lair.
  9901 | Lair:1   | Entered Level 1 of the Lair of Beasts
  9981 | Lair:1   | Got a pair of smoking boots
  9984 | Lair:1   | Identified the +1 pair of boots of the Nine Seas {Slay+2}
                  | (You found it on level 1 of the Lair of Beasts)
 10305 | Lair:1   | Reached skill level 5 in Conjurations
 10305 | Lair:1   | Reached skill level 5 in Hexes
 10305 | Lair:1   | Reached skill level 5 in Charms
 10305 | Lair:1   | Reached skill level 5 in Summonings
 10305 | Lair:1   | Reached skill level 5 in Necromancy
 10305 | Lair:1   | Reached skill level 5 in Translocations
 10305 | Lair:1   | Reached skill level 5 in Fire Magic
 10305 | Lair:1   | Reached skill level 5 in Ice Magic
 10305 | Lair:1   | Reached skill level 5 in Air Magic
 10305 | Lair:1   | Reached skill level 5 in Earth Magic
 10305 | Lair:1   | Reached skill level 5 in Poison Magic
 10792 | Lair:1   | Noticed a six-headed hydra
 10811 | Lair:1   | Killed a six-headed hydra
 11449 | Lair:2   | Noticed a five-headed hydra
 11459 | Lair:2   | HP: 3/83 [five-headed hydra (12)]
 11464 | Lair:2   | Killed a five-headed hydra
 12342 | Lair:2   | Found a hole to the Spider Nest.
 13335 | Lair:3   | Reached XP level 12. HP: 91/91 MP: 19/24
 13623 | Lair:3   | Found a staircase to the Swamp.
 14836 | Lair:4   | Noticed a four-headed hydra
 14846 | Lair:4   | Reached ***** piety under Makhleb
 14856 | Lair:4   | Killed a four-headed hydra
 15092 | Lair:4   | Noticed a four-headed hydra
 15100 | Lair:4   | Killed a four-headed hydra
 15748 | Lair:5   | Reached skill level 10 in Unarmed Combat
 16198 | Lair:5   | Reached XP level 13. HP: 63/98 MP: 6/26
 16763 | Lair:6   | Entered Level 6 of the Lair of Beasts
 19012 | D:12     | Noticed Fannar
 19075 | D:12     | Killed Fannar
 19425 | D:12     | Found a staircase to the Orcish Mines.
 20085 | Orc:1    | Entered Level 1 of the Orcish Mines
 20151 | Orc:1    | Found Kogaal's Antique Weapon Shoppe.
 20552 | Orc:1    | Reached ****** piety under Makhleb
 21007 | Orc:2    | Entered Level 2 of the Orcish Mines
 21007 | Orc:2    | Found a staircase to the Elven Halls.
 21019 | Orc:2    | Noticed Josephine
 21029 | Orc:2    | Killed Josephine
 21057 | Orc:2    | Found a roughly hewn altar of Beogh.
 21468 | Orc:2    | Reached skill level 10 in Spellcasting
 21530 | Orc:2    | Reached XP level 14. HP: 88/108 MP: 23/28
 21530 | Orc:2    | Noticed Nessos
 21535 | Orc:2    | Killed Nessos
 21662 | Orc:2    | Found Xamen's Gadget Boutique.
 21662 | Orc:2    | Found Gaelily's Weapon Emporium.
 21663 | Orc:2    | Found Cidghoho's Book Boutique.
 21663 | Orc:2    | Found Ycetiset's General Store.
 21695 | Orc:2    | Reached skill level 10 in Dodging
 22155 | Orc:2    | Bought a scroll of teleportation for 30 gold pieces
 22161 | Orc:2    | Bought a book of the Dragon for 1440 gold pieces
 22170 | Orc:2    | Learned a level 7 spell: Dragon Form
 22328 | Orc:2    | Found Palibby's General Store.
 22582 | Orc:2    | Reached skill level 10 in Invocations
 22780 | Orc:1    | Found a roughly hewn altar of Beogh.
 23061 | Swamp:1  | Entered Level 1 of the Swamp
 23083 | Swamp:1  | Paralysed by a hornet for 2 turns
 23303 | Swamp:1  | Found a transporter.
 23303 | Swamp:1  | Noticed Vuhed's ghost (adept FoFi)
 24723 | Swamp:1  | Found a transporter.
 25036 | Swamp:2  | Reached XP level 15. HP: 115/115 MP: 20/29
 25246 | Swamp:2  | Noticed Kirke
 25314 | Swamp:2  | Killed Kirke
 25314 | Swamp:2  | Reached skill level 10 in Fighting
 25538 | Swamp:2  | Found a runed door.
 25538 | Swamp:2  | Found a shimmering altar of Xom.
 25538 | Swamp:2  | Noticed MordorOrchid's ghost (journeyman DEVM)
 25570 | Swamp:2  | Killed MordorOrchid's ghost
 26469 | Swamp:3  | Noticed a thorn hunter
 26495 | Swamp:3  | HP: 3/138 [four-headed hydra (12)]
 26498 | Swamp:3  | Slain by a tyrant leech

Skill      XL: |  1  2  3  4  5  6  7  8  9 10 11 12 13 14 15 |
---------------+----------------------------------------------+-----
Spellcasting   | 5 6 7 8 9 10 11 | 11.0
Invocations    | 1 2 3 4 5 6 7 8 9 10 | 10.7
Short Blades   | 1 2 3 4 5 6 7 8 9 |  9.9
Long Blades    | 1 2 3 4 5 6 7 8 9 |  9.9
Axes           | 1 2 3 4 5 6 7 8 9 |  9.9
Maces & Flails | 1 2 3 4 5 6 7 8 9 |  9.9
Polearms       | 1 2 3 4 5 6 7 8 9 |  9.9
Staves         | 1 2 3 4 5 6 7 8 9 |  9.9
Slings         | 1 2 3 4 5 6 7 8 9 |  9.9
Bows           | 1 2 3 4 5 6 7 8 9 |  9.9
Crossbows      | 1 2 3 4 5 6 7 8 9 |  9.9
Throwing       | 1 2 3 4 5 6 7 8 9 |  9.9
Armour         | 1 2 3 4 5 6 7 8 9 |  9.9
Stealth        | 1 2 3 4 5 6 7 8 9 |  9.9
Shields        | 1 2 3 4 5 6 7 8 9 |  9.9
Conjurations   | 1 2 3 4 5 6 7 8 |  8.3
Hexes          | 1 2 3 4 5 6 7 8 |  8.3
Charms         | 1 2 3 4 5 6 7 8 |  8.3
Summonings     | 1 2 3 4 5 6 7 8 |  8.3
Necromancy     | 1 2 3 4 5 6 7 8 |  8.3
Translocations | 1 2 3 4 5 6 7 8 |  8.3
Fire Magic     | 1 2 3 4 5 6 7 8 |  8.3
Ice Magic      | 1 2 3 4 5 6 7 8 |  8.3
Air Magic      | 1 2 3 4 5 6 7 8 |  8.3
Earth Magic    | 1 2 3 4 5 6 7 8 |  8.3
Poison Magic   | 1 2 3 4 5 6 7 8 |  8.3
Evocations     | 1 2 3 4 5 6 7 8 9 |  9.9
Fighting       | 3 4 5 6 7 8 9 10 | 10.2
Transmutations | 4 5 6 7 8 9 |  9.2
Dodging        | 5 6 7 8 9 10 | 10.8
Unarmed Combat | 7 8 9 10 11 | 11.7

Action                   |  1- 3 |  4- 6 |  7- 9 | 10-12 | 13-15 || total
-------------------------+-------+-------+-------+-------+-------++-------
Melee: Unarmed           |    74 |     7 |       |   251 |  1055 ||  1387
       Punch             |     3 |     2 |     7 |    21 |    47 ||    80
       Bite              |     2 |     2 |    30 |    37 |    76 ||   147
       Headbutt          |     3 |     3 |    58 |    68 |   129 ||   261
       Kick              |     8 |     3 |    23 |    15 |       ||    49
       Spear             |       |    41 |   374 |   344 |   156 ||   915
Throw: Tomahawk          |       |       |    11 |    25 |    15 ||    51
 Cast: Beastly Appendage |    16 |     4 |    14 |     5 |       ||    39
       Sticks to Snakes  |     4 |     9 |    56 |   103 |    79 ||   251
       Ice Form          |       |       |       |     8 |    13 ||    21
       Spider Form       |       |       |       |    13 |    22 ||    35
       Blade Hands       |       |       |       |       |    24 ||    24
Invok: Minor Destruction |       |       |     5 |    57 |    24 ||    86
       Lesser Servant of |       |       |       |     3 |     7 ||    10
 Abil: End Transformatio |       |       |       |       |     1 ||     1
Evoke: Wand              |       |       |       |     1 |     2 ||     3
  Use: Potion            |     4 |     2 |     4 |     8 |     3 ||    21
       Scroll            |     3 |     7 |     9 |    15 |     7 ||    41
 Stab: Sleeping          |     2 |     2 |    17 |     7 |    12 ||    40
       Distracted        |       |     1 |     3 |     5 |     9 ||    18
  Eat: Chunk             |     1 |     4 |    13 |    26 |    34 ||    78
       Ration            |       |       |       |     2 |     2 ||     4
Armor: Robe              |    10 |     6 |    63 |    62 |    89 ||   230
       Ring mail         |       |       |     1 |    22 |       ||    23
       Skin              |       |       |       |    31 |    39 ||    70
       Troll leather arm |       |       |       |       |    34 ||    34
Dodge: Dodged            |    45 |    25 |   233 |   443 |   992 ||  1738
